| TOP OF THE 1ST |
|
Montgomery Biscuits batting - Pitching for Portland Sea Dogs : RHP Su-wu Yang
|
|
Pitching: RHP Su-wu Yang
|
|
|
Batting: RHB Adam Turpin
|
0-0: Called Strike 0-1: Ball 1-1: Ball 2-1: Swinging Strike 2-2: Foul Ball, location: 2F 2-2: Ball 3-2: Foul Ball, location: 2F 3-2: Base on Balls
|
|
Batting: RHB Chris Thorson
|
0-0: Ball 1-0: Ball 2-0: Called Strike 2-1: Foul Ball, location: 2F 2-2: Ball 3-2: Foul Ball, location: 2F 3-2: Strikes out swinging
|
|
Batting: SHB Wayne Hattan
|
0-0: Swinging Strike 0-1: Foul Ball, location: 2F 0-2: Ball 1-2: Ball 2-2: Fielders Choice at 2nd, 4-6 (Groundball, 4M, EV 78.1 MPH)
|
|
Batting: RHB Freddy Mullen
|
0-0: Ground out 4-3 (Groundball, 4, EV 85.6 MPH)
|
| Top of the 1st over - 0 runs, 0 hits, 0 errors, 1 left on base; Montgomery 0 - Portland 0 |
| BOTTOM OF THE 1ST |
|
Portland Sea Dogs batting - Pitching for Montgomery Biscuits : RHP Greg Spaulding
|
|
Pitching: RHP Greg Spaulding
|
|
|
Batting: RHB Sal Rivera
|
0-0: Called Strike 0-1: Ball 1-1: Ball 2-1: Ball 3-1: Called Strike 3-2: Ground out 4-3 (Groundball, 4, EV 86.2 MPH)
|
|
Batting: RHB Travis Campbell
|
0-0: Ball 1-0: Foul Ball, location: 2F 1-1: Foul Ball, location: 2F 1-2: Strikes out swinging
|
|
Batting: RHB Ernie Genier
|
0-0: Called Strike 0-1: Ball 1-1: Ball 2-1: Called Strike 2-2: Foul Ball, location: 2F 2-2: Ball 3-2: Ground out 5-3 (Groundball, 56, EV 82.5 MPH)
|
| Bottom of the 1st over - 0 runs, 0 hits, 0 errors, 0 left on base; Montgomery 0 - Portland 0 |
| TOP OF THE 2ND |
|
Montgomery Biscuits batting - Pitching for Portland Sea Dogs : RHP Su-wu Yang
|
|
Batting: RHB Alex Zamora
|
0-0: Ball 1-0: Called Strike 1-1: Called Strike 1-2: Strikes out swinging
|
|
Batting: RHB Dan Marks
|
0-0: Ball 1-0: Ground out 5-3 (Groundball, 56, EV 101.2 MPH)
|
|
Batting: RHB Dave Galloway
|
0-0: Ball 1-0: Called Strike 1-1: Swinging Strike 1-2: Strikes out swinging
|
| Top of the 2nd over - 0 runs, 0 hits, 0 errors, 0 left on base; Montgomery 0 - Portland 0 |
| BOTTOM OF THE 2ND |
|
Portland Sea Dogs batting - Pitching for Montgomery Biscuits : RHP Greg Spaulding
|
|
Batting: RHB Alex Melendez
|
0-0: DOUBLE (Line Drive, 78D, EV 104.4 MPH)
|
|
Batting: RHB Miguel Villanueva
|
0-0: Foul Ball, location: 2F 0-1: Ball 1-1: Ball 2-1: Swinging Strike 2-2: Ball 3-2: SINGLE (Flyball, 89S, EV 93.1 MPH) Alex Melendez to third
|
|
Batting: LHB Keith Rice
|
0-0: Ball 1-0: Ball 2-0: Called Strike Miguel Villanueva steals 2nd base 2-1: Swinging Strike 2-2: Ground out 6-3 (Groundball, 6, EV 92.5 MPH) Alex Melendez scores
|
|
Batting: RHB Mike Batko
|
0-0: Called Strike 0-1: Swinging Strike 0-2: Foul Ball, location: 2F 0-2: Ground out 5-3 (Groundball, 56S, EV 66.9 MPH) Miguel Villanueva to third
|
|
Batting: RHB Frank Sokolosky
|
0-0: Foul Ball, location: 2F 0-1: Called Strike 0-2: Fly out, F9 (Flyball, 9S, EV 85.6 MPH)
|
| Bottom of the 2nd over - 1 run, 2 hits, 0 errors, 1 left on base; Montgomery 0 - Portland 1 |
| TOP OF THE 3RD |
|
Montgomery Biscuits batting - Pitching for Portland Sea Dogs : RHP Su-wu Yang
|
|
Batting: RHB Isaiah Easter
|
0-0: Ball 1-0: Swinging Strike 1-1: Ball 2-1: Called Strike 2-2: Strikes out looking
|
|
Batting: LHB Alex Genao
|
0-0: Called Strike 0-1: Foul Ball, location: 2F 0-2: Foul Ball, location: 2F 0-2: Ball 1-2: Foul Ball, location: 2F 1-2: Ball 2-2: Ball 3-2: Strikes out swinging
|
|
Batting: RHB Adam Turpin
|
0-0: Foul Ball, location: 2F 0-1: Ball 1-1: Ground out 6-3 (Groundball, 6, EV 91.2 MPH)
|
| Top of the 3rd over - 0 runs, 0 hits, 0 errors, 0 left on base; Montgomery 0 - Portland 1 |
| BOTTOM OF THE 3RD |
|
Portland Sea Dogs batting - Pitching for Montgomery Biscuits : RHP Greg Spaulding
|
|
Batting: LHB Dave Reyes
|
0-0: Ball 1-0: Ball 2-0: Foul Ball, location: 2F 2-1: Foul Ball, location: 2F 2-2: Ground out U3 (Groundball, 3, EV 80.0 MPH)
|
|
Batting: RHB Sal Rivera
|
0-0: Fly out, F8 (Line Drive, 8LM, EV 89.4 MPH)
|
|
Batting: RHB Travis Campbell
|
0-0: Swinging Strike 0-1: Ground out 5-3 (Groundball, 56, EV 87.5 MPH)
|
| Bottom of the 3rd over - 0 runs, 0 hits, 0 errors, 0 left on base; Montgomery 0 - Portland 1 |
| TOP OF THE 4TH |
|
Montgomery Biscuits batting - Pitching for Portland Sea Dogs : RHP Su-wu Yang
|
|
Batting: RHB Chris Thorson
|
0-0: Ball 1-0: Called Strike 1-1: Swinging Strike 1-2: Ball 2-2: SINGLE (Flyball, 56D, EV 96.9 MPH)
|
|
Batting: SHB Wayne Hattan
|
0-0: Foul Ball, location: 2F 0-1: Swinging Strike 0-2: Ball 1-2: Strikes out swinging
|
|
Batting: RHB Freddy Mullen
|
0-0: Called Strike 0-1: Ball 1-1: Foul Ball, location: 2F 1-2: Foul Ball, location: 2F 1-2: SINGLE (Groundball, 56D, EV 106.2 MPH) Chris Thorson to second
|
|
Batting: RHB Alex Zamora
|
0-0: Ball 1-0: Ball 2-0: Ball 3-0: Called Strike 3-1: Foul Ball, location: 2F 3-2: Foul Ball, location: 2F 3-2: Base on Balls Chris Thorson to third Freddy Mullen to second
|
|
Batting: RHB Dan Marks
|
0-0: Called Strike 0-1: Ball 1-1: Fielders Choice at 2nd, 3-6 (Groundball, 34, EV 102.5 MPH) Chris Thorson scores Freddy Mullen to third
|
|
Batting: RHB Dave Galloway
|
0-0: Swinging Strike 0-1: Ball 1-1: Ball 2-1: Ball 3-1: Called Strike 3-2: Foul Ball, location: 2F 3-2: Foul Ball, location: 2F 3-2: Base on Balls Dan Marks to second
|
|
Batting: RHB Isaiah Easter
|
0-0: Ball 1-0: Ball 2-0: Ball 3-0: Called Strike 3-1: Foul Ball, location: 2F 3-2: SINGLE (Groundball, P, EV 86.2 MPH) (infield hit) Freddy Mullen scores Dan Marks to third Dave Galloway to second
|
|
Batting: LHB Alex Genao
|
0-0: Called Strike 0-1: Foul Ball, location: 2F 0-2: Fielders Choice at 2nd, 6-4 (Groundball, 6, EV 87.5 MPH)
|
| Top of the 4th over - 2 runs, 3 hits, 0 errors, 3 left on base; Montgomery 2 - Portland 1 |
| BOTTOM OF THE 4TH |
|
Portland Sea Dogs batting - Pitching for Montgomery Biscuits : RHP Greg Spaulding
|
|
Batting: RHB Ernie Genier
|
0-0: Ground out 5-3 (Groundball, 5, EV 85.6 MPH)
|
|
Batting: RHB Alex Melendez
|
0-0: Called Strike 0-1: Foul Ball, location: 2F 0-2: Ball 1-2: Strikes out swinging
|
|
Batting: RHB Miguel Villanueva
|
0-0: Ball 1-0: Swinging Strike 1-1: Swinging Strike 1-2: Ball 2-2: Ball 3-2: Strikes out swinging
|
| Bottom of the 4th over - 0 runs, 0 hits, 0 errors, 0 left on base; Montgomery 2 - Portland 1 |
| TOP OF THE 5TH |
|
Montgomery Biscuits batting - Pitching for Portland Sea Dogs : RHP Su-wu Yang
|
|
Batting: RHB Adam Turpin
|
0-0: Ball 1-0: Ground out U3 (Groundball, 3, EV 105.6 MPH)
|
|
Pitching: RHP Chris Cory
|
|
|
Batting: RHB Chris Thorson
|
0-0: Ball 1-0: Called Strike 1-1: Ball 2-1: Ground out 4-3 (Groundball, 4, EV 101.9 MPH)
|
|
Batting: SHB Wayne Hattan
|
0-0: Ball 1-0: Ball 2-0: Called Strike 2-1: Ball 3-1: Base on Balls
|
|
Batting: RHB Freddy Mullen
|
0-0: Swinging Strike 0-1: Called Strike 0-2: Ball 1-2: Strikes out swinging
|
| Top of the 5th over - 0 runs, 0 hits, 0 errors, 1 left on base; Montgomery 2 - Portland 1 |
| BOTTOM OF THE 5TH |
|
Portland Sea Dogs batting - Pitching for Montgomery Biscuits : RHP Greg Spaulding
|
|
Batting: LHB Keith Rice
|
0-0: Ball 1-0: Foul Ball, location: 2F 1-1: Fly out, F8 (Flyball, 89XD, EV 92.5 MPH)
|
|
Batting: RHB Mike Batko
|
0-0: SINGLE (Groundball, 6MD, EV 102.5 MPH)
|
|
Batting: RHB Frank Sokolosky
|
0-0: Fielders Choice at 2nd, 3-6 (Groundball, 3, EV 98.8 MPH)
|
|
Batting: LHB Dave Reyes
|
0-0: Ball 1-0: Ball Frank Sokolosky steals 2nd base 2-0: Called Strike 2-1: Ball Wild Pitch! Frank Sokolosky to third 3-1: Called Strike 3-2: Foul Ball, location: 2F 3-2: Foul Ball, location: 2F 3-2: Strikes out swinging
|
| Bottom of the 5th over - 0 runs, 1 hit, 0 errors, 1 left on base; Montgomery 2 - Portland 1 |
| TOP OF THE 6TH |
|
Montgomery Biscuits batting - Pitching for Portland Sea Dogs : RHP Chris Cory
|
|
Batting: RHB Alex Zamora
|
0-0: Called Strike 0-1: Foul Ball, location: 2F 0-2: Foul Ball, location: 2F 0-2: Strikes out swinging
|
|
Batting: RHB Dan Marks
|
0-0: Ball 1-0: Called Strike 1-1: DOUBLE (Line Drive, 7LM, EV 103.1 MPH)
|
|
Batting: RHB Dave Galloway
|
0-0: Swinging Strike 0-1: Ball 1-1: Ball 2-1: Swinging Strike 2-2: Ball 3-2: Ground out 5-3 (Groundball, 56, EV 87.5 MPH)
|
|
Batting: RHB Isaiah Easter
|
0-0: Ground out 5-3 (Groundball, 5, EV 83.8 MPH)
|
| Top of the 6th over - 0 runs, 1 hit, 0 errors, 1 left on base; Montgomery 2 - Portland 1 |
| BOTTOM OF THE 6TH |
|
Portland Sea Dogs batting - Pitching for Montgomery Biscuits : RHP Greg Spaulding
|
|
Batting: RHB Sal Rivera
|
0-0: Ball 1-0: Foul Ball, location: 2F 1-1: Foul Ball, location: 2F 1-2: Ball 2-2: Foul Ball, location: 2F 2-2: Ball 3-2: Strikes out swinging
|
|
Batting: RHB Travis Campbell
|
0-0: Foul Ball, location: 2F 0-1: Ground out 6-3 (Groundball, 6, EV 105.0 MPH)
|
|
Batting: RHB Ernie Genier
|
0-0: Foul Ball, location: 2F 0-1: Ball 1-1: Foul Ball, location: 2F 1-2: Ball 2-2: Foul Ball, location: 2F 2-2: Fly out, F4 (Line Drive, 4, EV 68.1 MPH)
|
| Bottom of the 6th over - 0 runs, 0 hits, 0 errors, 0 left on base; Montgomery 2 - Portland 1 |
| TOP OF THE 7TH |
|
Montgomery Biscuits batting - Pitching for Portland Sea Dogs : RHP Chris Cory
|
|
Pitching: LHP Jon Convery
|
|
|
Batting: LHB Alex Genao
|
0-0: Ground out 3-1 (Groundball, 34S, EV 68.1 MPH)
|
|
Batting: RHB Adam Turpin
|
0-0: Called Strike 0-1: Ball 1-1: Swinging Strike 1-2: SINGLE (Line Drive, 89S, EV 98.8 MPH)
|
|
Batting: RHB Chris Thorson
|
0-0: Called Strike 0-1: Ball 1-1: 2-RUN HOME RUN (Line Drive, 8LXD, EV 105.6 MPH), Distance : 429 ft
|
|
Batting: SHB Wayne Hattan
|
0-0: Ball 1-0: Ball 2-0: Called Strike 2-1: Ball 3-1: Ground out 5-3 (Groundball, 5L, EV 85.6 MPH)
|
|
Batting: RHB Freddy Mullen
|
0-0: Called Strike 0-1: Ground out 5-3 (Groundball, 5L, EV 103.8 MPH)
|
| Top of the 7th over - 2 runs, 2 hits, 0 errors, 0 left on base; Montgomery 4 - Portland 1 |
| BOTTOM OF THE 7TH |
|
Portland Sea Dogs batting - Pitching for Montgomery Biscuits : RHP Greg Spaulding
|
|
Batting: RHB Alex Melendez
|
0-0: Ball 1-0: Ball 2-0: Ground out 4-3 (Groundball, 4MD, EV 80.0 MPH)
|
|
Batting: RHB Miguel Villanueva
|
0-0: Ball 1-0: Ball 2-0: Ball 3-0: Base on Balls
|
|
Batting: LHB Keith Rice
|
0-0: Called Strike 0-1: Ball 1-1: Ball Miguel Villanueva steals 2nd base 2-1: Ground out 5-3 (Groundball, 5L, EV 93.1 MPH)
|
|
Batting: RHB Mike Batko
|
0-0: SINGLE (Groundball, 56D, EV 102.5 MPH) Miguel Villanueva to third Runner from 3rd tries for Home, throw by LF and OUT! 7-2
|
| Bottom of the 7th over - 0 runs, 1 hit, 0 errors, 1 left on base; Montgomery 4 - Portland 1 |
| TOP OF THE 8TH |
|
Montgomery Biscuits batting - Pitching for Portland Sea Dogs : LHP Jon Convery
|
|
Batting: RHB Alex Zamora
|
0-0: Ball 1-0: Ball 2-0: Foul Ball, location: 2F 2-1: Foul Ball, location: 2F 2-2: Foul Ball, location: 2F 2-2: Ball 3-2: Base on Balls
|
|
Batting: RHB Dan Marks
|
0-0: Bunted foul 0-1: Bunt missed! 0-2: Ball 1-2: Ball 2-2: Foul Ball, location: 2F 2-2: Ball Wild Pitch! Alex Zamora to second 3-2: SINGLE (Line Drive, 78S, EV 98.8 MPH) Alex Zamora to third
|
|
Batting: RHB Dave Galloway
|
0-0: Ball 1-0: Called Strike 1-1: Ball 2-1: Called Strike 2-2: Foul Ball, location: 2F 2-2: Ball 3-2: Foul Ball, location: 2F 3-2: Foul Ball, location: 2F 3-2: Base on Balls Dan Marks to second
|
|
Pitching: RHP Elliot Monroe
|
|
|
Batting: RHB Isaiah Easter
|
0-0: Grounds into double play, 5-2-3 (Groundball, 56, EV 82.5 MPH) Dan Marks to third Dave Galloway to second
|
|
Batting: LHB Alex Genao
|
0-0: Ground out 4-3 (Groundball, 4, EV 102.5 MPH)
|
| Top of the 8th over - 0 runs, 1 hit, 0 errors, 2 left on base; Montgomery 4 - Portland 1 |
| BOTTOM OF THE 8TH |
|
Portland Sea Dogs batting - Pitching for Montgomery Biscuits : RHP Greg Spaulding
|
|
Pinch Hitting: LHB Julian Toney
|
0-0: Called Strike 0-1: Ball 1-1: Ball 2-1: Foul Ball, location: 2F 2-2: Foul Ball, location: 2F 2-2: Strikes out swinging
|
|
Batting: LHB Dave Reyes
|
0-0: Foul Ball, location: 2F 0-1: Ball 1-1: Ball 2-1: Swinging Strike 2-2: Fly out, F7 (Flyball, 7LS, EV 75.0 MPH)
|
|
Batting: RHB Sal Rivera
|
0-0: Ball 1-0: Ball 2-0: Called Strike 2-1: Foul Ball, location: 2F 2-2: Foul Ball, location: 2F 2-2: Strikes out swinging
|
| Bottom of the 8th over - 0 runs, 0 hits, 0 errors, 0 left on base; Montgomery 4 - Portland 1 |
| TOP OF THE 9TH |
|
Montgomery Biscuits batting - Pitching for Portland Sea Dogs : RHP Elliot Monroe
|
|
Pitching: RHP Cody Humphries
|
|
|
Now at SS: Miguel Villanueva
|
|
|
Now in RF: Julian Toney
|
|
|
Batting: RHB Adam Turpin
|
0-0: Called Strike 0-1: Ball 1-1: Foul Ball, location: 2F 1-2: Ball 2-2: Ball 3-2: Strikes out swinging
|
|
Batting: RHB Chris Thorson
|
0-0: Ground out U3 (Groundball, 3, EV 85.6 MPH)
|
|
Batting: SHB Wayne Hattan
|
0-0: Ground out U3 (Groundball, 3L, EV 88.1 MPH)
|
| Top of the 9th over - 0 runs, 0 hits, 0 errors, 0 left on base; Montgomery 4 - Portland 1 |
| BOTTOM OF THE 9TH |
|
Portland Sea Dogs batting - Pitching for Montgomery Biscuits : RHP Greg Spaulding
|
|
Pitching: LHP Brian Kelly
|
|
|
Batting: RHB Travis Campbell
|
0-0: Ball 1-0: Ball 2-0: Swinging Strike 2-1: Called Strike 2-2: Strikes out swinging
|
|
Batting: RHB Ernie Genier
|
0-0: Ball 1-0: Fly out, F7 (Flyball, 7LS, EV 85.6 MPH)
|
|
Batting: RHB Alex Melendez
|
0-0: Ball 1-0: Ball 2-0: Called Strike 2-1: Ball 3-1: SINGLE (Groundball, 4MD, EV 103.1 MPH)
|
|
Batting: RHB Miguel Villanueva
|
0-0: Called Strike 0-1: Called Strike 0-2: Foul Ball, location: 2F 0-2: Ball 1-2: Strikes out swinging
|
| Bottom of the 9th over - 0 runs, 1 hit, 0 errors, 1 left on base; Montgomery 4 - Portland 1 |
|